Map: Ley Lines

Players

KimChiLoVer - Winner!

  • Race: Terran Terran
  • League: Diamond
  • Spawn Location: 1:00

VOD

Have the link to the VOD?

Description

Time

  • Played on: Aug. 22, 2025, 10:49 p.m.
  • Length: 10:23
Show
View Real Time Build Order
Export as new Build Order

KimChiLoVer Terran - Winner!

Build Orders: Reaper Expand 

Get SALT Encoding   

  12  0:02  SCV  
  12  0:14  SCV  
  12  0:17  Supply Depot  
  12  0:26  SCV  
  12  0:39  SCV, Barracks  
  12  0:45  Refinery  
  12  0:51  SCV  
  12  1:03  SCV  
  12  1:15  SCV  
  12  1:27  Orbital Command  
  12  1:29  Reaper  
  12  1:39  Command Center  
  12  1:50  Supply Depot  
  12  1:55  SCV  
  12  2:00  Marine  
  12  2:06  Factory  
  12  2:10  SCV  
  12  2:13  Refinery  
  12  2:22  SCV  
  12  2:23  Barracks Reactor  
  12  2:34  SCV  
  12  2:35  Barracks  
  12  2:39  Barracks  
  12  2:52  Factory Tech Lab  
  12  2:55  SCV  
  12  2:56  Orbital Command  
  12  3:01  Marine x2  
  12  3:07  SCV  
  12  3:19  SCV, Marine x2  
  12  3:27  SCV  
  12  3:33  Command Center  
  12  3:36  Stimpack  
  12  3:38  Marine  
  12  3:41  SCV  
  12  3:42  SCV  
  12  3:45  Marine  
  12  3:48  Marine  
  12  3:55  Starport  
  12  3:56  Factory Reactor  
  12  4:04  SCV x2  
  12  4:08  Engineering Bay  
  12  4:11  Engineering Bay  
  12  4:12  Marine  
  12  4:16  SCV, Marine x2  
  12  4:19  SCV  
  12  4:28  SCV  
  12  4:30  Supply Depot  
  12  4:36  SCV  
  12  4:42  Marine x2  
  12  4:44  Marine  
  12  4:45  Medivac x2  
  12  4:47  Orbital Command  
  12  4:52  SCV  
  12  4:54  Terran Infantry Weapons Level 1  
  12  4:55  Terran Infantry Armor Level 1  
  12  4:58  SCV  
  12  5:04  SCV  
  12  5:05  Barracks Tech Lab  
  12  5:06  Barracks  
  12  5:08  Factory Tech Lab  
  12  5:16  Barracks  
  12  5:19  SCV x3  
  12  5:22  Supply Depot  
  12  5:27  Supply Depot  
  12  5:31  SCV x2  
  12  5:37  Siege Tank  
  12  5:38  Medivac  
  12  5:43  SCV x2  
  12  5:46  Refinery  
  12  5:47  Refinery  
  12  5:49  Supply Depot, Marine x2  
  12  5:50  Marine x2  
  12  5:51  Combat Shield  
  12  6:06  Marine x2  
  12  6:07  SCV  
  12  6:12  Armory  
  12  6:16  Siege Tank, Orbital Command  
  12  6:22  Supply Depot  
  12  6:27  Marine  
  12  6:28  Marine  
  12  6:38  Supply Depot  
  12  6:40  Barracks Tech Lab  
  12  6:41  Barracks Reactor  
  12  6:48  Barracks, Marauder x2, Marine x2  
  12  6:50  Barracks  
  12  7:04  Terran Infantry Weapons Level 2, Supply Depot, Terran Infantry Armor Level 2  
  12  7:06  Marine x2  
  12  7:07  Marauder, Terran Vehicle And Ship Armor Level 1  
  12  7:09  Marine x2  
  12  7:23  Marine  
  12  7:24  Medivac x2, Marine  
  12  7:25  Barracks, Command Center  
  12  7:27  Marine x2  
  12  7:28  SCV x3, Marine  
  12  7:32  Refinery  
  12  7:34  Marine x2  
  12  7:39  Supply Depot  
  12  7:41  Barracks Tech Lab, Marine x2  
  12  7:44  Marine  
  12  7:45  Marauder  
  12  7:46  Barracks Reactor, Marine  
  12  7:48  Siege Tank  
  12  7:53  SCV  
  12  7:54  SCV  
  12  7:57  SCV  
  12  8:00  Marauder, Marine x2  
  12  8:02  Concussive Shells  
  12  8:05  SCV  
  12  8:06  SCV  
  12  8:09  Supply Depot  
  12  8:11  Supply Depot  
  12  8:13  Refinery  
  12  8:14  Marauder x2, Marine x2  
  12  8:16  Barracks Tech Lab  
  12  8:18  SCV, Marine  
  12  8:31  Marauder  
  12  8:32  Supply Depot  
  12  8:37  Starport  
  12  8:40  Supply Depot  
  12  8:44  Marauder, Marine x3  
  12  8:45  Marauder, Marine x3  
  12  8:46  Marine x2  
  12  8:51  SCV x4  
  12  8:58  Supply Depot  
  12  9:03  SCV x2, Supply Depot  
  12  9:04  Marine x2  
  12  9:05  Marauder, Marine x2  
  12  9:07  Siege Tank  
  12  9:10  Viking  
  12  9:12  Viking  
  12  9:15  SCV x3  
  12  9:19  Orbital Command  
  12  9:21  Starport Reactor  
  12  9:36  Marauder, Marine  
  12  9:40  Supply Depot, Medivac  
  12  9:42  Medivac  
  12  9:46  Marauder x2  
  12  9:47  Marauder x2  
Tags
 
Add a new tag
Caveats
  • Supply blocks, unpowered buildings, or Contaminate may cause inaccurate times.
  • Supply counts are checked every 10 seconds.